 Dungeon Crawl Stone Soup version 0.29.1-2-gbd0b4ee654 (webtiles) character file.

Game seed: 14896643211117354190

714 safid the Shooter (level 7, 0/66 HPs)
             Began as a Minotaur Hunter on Nov 2, 2022.
             Was an Initiate of Okawaru.
             Slain by an orc
             ... wielding a +0 whip
              (3 damage)
             ... on level 5 of the Dungeon.
             The game lasted 00:06:58 (4452 turns).

safid the Shooter (Minotaur Hunter)                 Turns: 4452, Time: 00:06:59

Health: 0/66       AC:  7    Str: 15    XL:     7   Next: 41%
Magic:  6/6        EV: 10    Int:  6    God:    Okawaru [......]
Gold:   216        SH:  0    Dex: 22    Spells: 6/6 levels left

rFire   . . .      SeeInvis .   a - +0 shortbow
rCold   . . .      Faith    .   (shield currently unavailable)
rNeg    + . .      Spirit   .   r - +0 scale mail
rPois   .          Reflect  .   (helmet restricted)
rElec   .          Harm     .   (no cloak)
rCorr   .          Rampage  .   (no gloves)
Will    .....                   y - +0 pair of boots
Stlth   +.........              (no amulet)
HPRegen 0.21/turn               q - ring of positive energy
MPRegen 0.10/turn               b - +6 ring of dexterity

@: no status effects
A: horns 2, retaliatory headbutt
a: Renounce Religion


You were on level 5 of the Dungeon.
You worshipped Okawaru.
Okawaru was noncommittal.
You visited 2 branches of the dungeon, and saw 6 of its levels.

You collected 216 gold pieces.

Inventory:

Hand Weapons
 a - a +0 shortbow (weapon)
Armour
 r - a +0 scale mail (worn)
 y - a +0 pair of boots (worn)
Jewellery
 b - a +6 ring of dexterity (right hand)
 q - a ring of positive energy (left hand)
Wands
 s - a wand of light (8)
Scrolls
 c - a scroll of fear {unknown}
 d - a scroll of blinking {unknown}
 e - 6 scrolls of teleportation {unknown}
 h - 2 scrolls of amnesia
 j - a scroll of enchant weapon {unknown}
 k - 3 scrolls of identify {unknown}
 l - a scroll of butterflies {unknown}
 m - 2 scrolls of poison {unknown}
 u - a scroll of torment {unknown}
 w - a scroll of vulnerability {unknown}
Potions
 f - 3 potions of heal wounds {unknown}
 g - a potion of resistance {unknown}
 i - 2 potions of experience {unknown}
 n - 3 potions of cancellation {unknown}
 o - 2 potions of curing
 p - a potion of magic {unknown}
 t - a potion of brilliance {unknown}
 v - a potion of lignification {unknown}
 x - a potion of degeneration {unknown}


   Skills:
 + Level 7.3 Fighting
 + Level 7.7 Ranged Weapons
 - Level 2.1 Dodging
 - Level 0.7 Stealth


You had 6 spell levels left.
You didn't know any spells.
Your spell library was empty.

Dungeon Overview and Level Annotations

Branches:
Dungeon (5/15)             Temple (1/1) D:4

Altars:
Ashenzari
Cheibriados
Dithmenos
Elyvilon
Fedhas
Gozag
Hepliaklqana
Kikubaaqudgha
Makhleb
Nemelex Xobeh
Okawaru
Qazlal
Ru
Sif Muna
Uskayaw
Vehumet
Wu Jian
Xom
Yredelemnul
Zin
The Shining One

Annotations:
D:4 exclusion: oklob plant
D:5 Duvessa


Innate Abilities, Weirdness & Mutations

You have a pair of horns on your head.
You reflexively headbutt those who attack you in melee.


Message History

You shoot an arrow.
Duvessa shouts!
The arrow hits the orc!
You kill the orc!
Okawaru accepts your kill.
Duvessa goes berserk!
An orc wizard comes into view. It is wielding a +0 dagger.
An orc comes into view. It is wielding a +0 whip.
The orc wizard shouts!
You shoot an arrow. The arrow closely misses Duvessa.
The orc shouts!
You shoot an arrow. The arrow hits the orc wizard!
The orc wizard is severely wounded.
You shoot an arrow. The arrow hits Duvessa.
Duvessa is lightly wounded.
An orc priest comes into view. It is wielding a +0 whip.
Duvessa hits you with a +0 short sword!
An adder comes into view.
Duvessa hits you with a +0 short sword!
You shoot an arrow. The arrow hits Duvessa!
Duvessa is moderately wounded.
Duvessa hits you with a +0 short sword. Duvessa barely misses you.
You shoot an arrow. The arrow hits Duvessa.
Duvessa is moderately wounded.
Duvessa hits you with a +0 short sword!
The orc priest begins to cast a cantrip, but forgets the words!
Duvessa hits you with a +0 short sword.
* * * LOW HITPOINT WARNING * * *
You are too injured to fight recklessly!
You are too injured to fight recklessly!
Unknown command.
It was a potion of curing.
You feel better. Duvessa hits you with a +0 short sword!
* * * LOW HITPOINT WARNING * * *
As you read the scroll labelled LOONWU WEZXU, it crumbles to dust.
It is a scroll of amnesia.
You feel forgetful for a moment. Duvessa hits you with a +0 short sword!
* * * LOW HITPOINT WARNING * * *
The orc hits you with a +0 whip.
You die...

.##.....># #.. .####
.#...... #....
#...##........##.....
####(...... ............
...#...#..##............
......###....#..........
...........###..........
............#...........
........#.......@o......
.#......##..#)..#e...##.
.#.............##oS..#
......#.........$o...#
......#>.......##....#
#..##..##............#
........#.......#....<
................#......
...###.#.......##


You could see Duvessa (berserk, fast), an orc priest, an orc wizard, an adder
and an orc.

Vanquished Creatures
  A black bear (D:4)
  Dowan (D:5)
  3 hounds
  An iron imp (D:3)
  A jelly (D:4)
  An orc priest (D:3)
  5 iguanas
  4 orc wizards
  Robin (D:2)
  5 adders
  4 gnolls
  A worm (D:2)
  A dart slug (D:1)
  7 orcs
  5 endoplasms
  9 goblins
  4 hobgoblins
  5 quokkas
  8 ball pythons
  2 bats
  7 frilled lizards
  5 kobolds
  4 rats (D:1)
85 creatures vanquished.

Vanquished Creatures (others)
  A human (D:4)
  12 fungi (D:4)
  32 plants (D:4)
45 creatures vanquished.

Grand Total: 130 creatures vanquished

Notes
Turn   | Place    | Note
-------+----------+-------------------------------------------
     0 | D:1      | safid the Minotaur Hunter began the quest for the Orb.
     0 | D:1      | Reached XP level 1. HP: 18/18 MP: 0/0
   189 | D:1      | Reached XP level 2. HP: 26/26 MP: 1/1
   190 | D:1      | Found a faded altar of an unknown god.
  1262 | D:2      | Reached skill level 5 in Ranged Weapons
  1262 | D:2      | Reached XP level 3. HP: 31/31 MP: 2/2
  1265 | D:2      | Noticed Robin
  1277 | D:2      | Killed Robin
  1885 | D:3      | Reached XP level 4. HP: 10/40 MP: 3/3
  2510 | D:3      | Reached XP level 5. HP: 39/47 MP: 4/4
  2598 | D:3      | Found a shadowy altar of Dithmenos.
  2599 | D:3      | Found a hazy altar of Hepliaklqana.
  2605 | D:3      | Found a radiant altar of Vehumet.
  2605 | D:3      | Found an ornate altar of the Wu Jian Council.
  2684 | D:3      | Found a snail-covered altar of Cheibriados.
  2698 | D:3      | Reached skill level 5 in Fighting
  3000 | D:4      | Noticed a black bear
  3007 | D:4      | Reached XP level 6. HP: 55/56 MP: 5/5
  3337 | D:4      | Found a staircase to the Ecumenical Temple.
  3345 | Temple   | Entered the Ecumenical Temple
  3385 | Temple   | Became a worshipper of Warmaster Okawaru
  3760 | D:4      | Reached XP level 7. HP: 62/64 MP: 6/6
  3795 | D:4      | Found a blossoming altar of Fedhas.
  3818 | D:4      | Noticed an oklob plant
  4179 | D:4      | Found an ancient bone altar of Kikubaaqudgha.
  4180 | D:4      | Noticed a human
  4183 | D:4      | Killed a human
  4367 | D:5      | Entered Level 5 of the Dungeon
  4438 | D:5      | Noticed Dowan
  4443 | D:5      | Killed Dowan
  4444 | D:5      | Noticed Duvessa
  4452 | D:5      | HP: 3/66 [Duvessa/+0 short sword (9)]
  4452 | D:5      | Slain by an orc

Illustrated notes

Levels and vault maps discovered:
D:1:      minmay_arrival_four_loops, layout_loops_ring,
          dreamdust_ecumenical_altar_grove
D:2:      layout_basic, uniq_robin
D:3:      layout_rooms, slow_altar_2, minitemple, kennysheep_generic_room_10
D:4:      layout_cave_pools, tgw_fedhas, tgw_kikubaaqudgha, temple_fountains
D:5:      black_bear_nest_1, layout_cave_pools, uniq_duvessa
Temple:   compressed_dpeg_circular_temple

Skill      XL: |  1  2  3  4  5  6  7 |
---------------+----------------------+-----
Fighting       | 3 4 5 6 7 |  7.3
Ranged Weapons | 5 6 7 |  7.7
Dodging        | |  2.1
Stealth        | |  0.7

Action                   |  1- 3 |  4- 6 |  7- 9 || total
-------------------------+-------+-------+-------++-------
 Fire: Shortbow          |    93 |   141 |    48 ||   282
  Use: Scroll            |       |       |     1 ||     1
       Potion            |       |       |     1 ||     1
Armor: Leather armour    |     7 |       |       ||     7
       Scale mail        |       |    53 |     3 ||    56
Dodge: Dodged            |    27 |    66 |     9 ||   102
